AoeStats
← Armistice

Arena

509953241Analyzed
3v3 RM · 4d ago on Sep 28, 2026· 56m 42s· 6 players
Game mode
Random Map
Map size
Normal (6 player)
Population
200
Speed
Normal
Resources
Standard
Victory
Conquest
Starting age
Dark Age
Ending age
Imperial Age
RankedLock teamsTeams togetherTeam positionsShared explorationLock speedFull tech treeHidden civsTurbo modeCheats
Victory
Defeat
🇬🇧 Celts · United Kingdom
951
+28
🇺🇸 Goths · United States
925
+14
🇸🇪 Khmer · Sweden
814
+18
🇮🇪 Inca · Ireland
870
-15
🇬🇧 Shu · United Kingdom
869
-15
🇬🇧 Magyars · United Kingdom
868
-15
Kissing Stone
3:55 Loom
10:57 Feudal Age
18:03 Castle Age
16:44 Horse Collar
19:14 Wheelbarrow
18:24 Town Watch
18:28 Double-Bit Axe
18:35 Stone Mining
19:30 Bow Saw
19:44 Fletching
19:55 Padded Archer Armor
22:35 Bodkin Arrow
28:13 Treadmill Crane
30:02 Fortified Wall
30:15 Ballistics
29:23 Crossbowman
32:21 Leather Archer Armor
34:48 Imperial Age
32:37 Murder Holes
33:10 Heavy Plow
33:03 Gold Mining
34:21 Thumb Ring
33:39 Elite Skirmisher
36:04 Conscription
36:20 Hand Cart
36:02 Arbalester
38:35 Two-Man Saw
37:52 Masonry
39:46 Onager
42:55 Chemistry
42:02 Siege Engineers
42:27 Architecture
42:42 Capped Ram
44:46 Siege Ram
46:32 Bracer
46:47 Leather Archer Armor
47:10 Onager
50:01 Hoardings
49:28 Light Cavalry
50:35 Forging
50:30 Scale Barding Armor
50:56 Ring Archer Armor
52:14 Husbandry
51:35 Heavy Hei Guang Cavalry
55:17 Scale Mail Armor
55:37 Chain Barding Armor
Maigh Nuad Warrior
5:25 Loom
12:11 Feudal Age
13:28 Double-Bit Axe
13:25 Horse Collar
19:52 Castle Age
18:29 Champi Runner
18:56 Arson
19:04 Gold Mining
20:03 Forging
21:55 Squires
21:15 Pikeman
21:16 Champi Warrior
27:34 Thumb Ring
28:17 Fletching
28:56 Ballistics
28:16 Treadmill Crane
30:04 Andean Sling
30:29 Bodkin Arrow
39:02 Imperial Age
36:36 Scale Mail Armor
37:52 Wheelbarrow
37:03 Town Watch
39:53 Fabric Shields
40:13 Conscription
41:23 Hand Cart
41:06 Halberdier
41:06 Elite Champi Warrior
44:41 Town Patrol
44:43 Heavy Plow
44:38 Stone Mining
46:28 Bow Saw
46:54 Gold Shaft Mining
46:57 Iron Casting
46:38 Chain Mail Armor
46:25 Bracer
47:05 Stone Shaft Mining
47:08 Crop Rotation
Armistice
3:02 Loom
3:31 Loom
11:09 Feudal Age
17:14 Castle Age
15:23 Double-Bit Axe
16:46 Stone Mining
18:11 Gold Mining
18:05 Horse Collar
22:18 Scale Barding Armor
27:04 Corvinian Army
27:32 Heavy Plow
27:39 Murder Holes
29:50 Town Watch
39:40 Gold Shaft Mining
39:17 Bow Saw
39:20 Masonry
39:32 Ballistics
43:36 Imperial Age
44:15 Bloodlines
44:06 Husbandry
45:19 Chain Barding Armor
44:59 Cavalier
46:28 Wheelbarrow
46:54 Conscription
47:42 Town Patrol
49:16 Paladin
52:01 Light Cavalry
SuperPaul2Turbo
12:14 Feudal Age
13:36 Loom
16:30 Castle Age
14:32 Horse Collar
15:40 Double-Bit Axe
21:21 Pikeman
27:18 Wheelbarrow
34:37 Imperial Age
32:34 Bow Saw
32:48 Heavy Plow
36:15 Forging
36:05 Scale Mail Armor
36:11 Halberdier
37:21 Gambesons
38:18 Iron Casting
39:25 Chain Mail Armor
48:07 Onager
49:33 Light Cavalry
50:07 Siege Onager
52:47 Hussar
54:02 Husbandry
COxTwo
10:21 Feudal Age
11:41 Wheelbarrow
10:52 Double-Bit Axe
11:09 Horse Collar
19:34 Castle Age
19:52 Stone Mining
20:25 Gold Mining
23:27 Town Watch
24:08 Heavy Plow
24:42 Bow Saw
30:06 Imperial Age
28:20 Stone Shaft Mining
28:11 Hand Cart
31:11 Conscription
37:39 Murder Holes
39:08 Tusk Swords
38:32 Elite Battle Elephant
39:40 Ballistics
39:00 Elite Ballista Elephant
40:58 Gold Shaft Mining
46:37 Forging
54:05 Iron Casting
wubalabadubdub
1:05 Loom
9:47 Feudal Age
10:10 Horse Collar
10:20 Double-Bit Axe
19:36 Castle Age
18:51 Forging
18:33 Stone Mining
18:40 Gold Mining
19:16 Scale Mail Armor
19:19 Fletching
20:20 Heavy Plow
20:54 Pikeman
21:35 Squires
23:53 Anarchy
29:49 Imperial Age
28:33 Wheelbarrow
28:45 Chain Mail Armor
29:22 Iron Casting
31:07 Conscription
32:03 Elite Huskarl
35:52 Perfusion
37:07 Blast Furnace
41:21 Chemistry
45:27 Halberdier
Connection lost

Rejoining the realm…

Still unreachable

The connection could not be restored.

Session expired

The server has moved on; the page needs a fresh start.